 Dungeon Crawl Stone Soup version 0.26.1-11-gd32895ea62 (webtiles) character file.

Game seed: 14934478313544017647

23632 dtburroughs the Cleaver (level 12, -5/112 HPs)
             Began as a Minotaur Berserker on July 10, 2021.
             Was a Priest of Trog.
             Slain by a six-headed hydra (14 damage)
             ... on level 4 of the Lair of Beasts.
             The game lasted 00:27:42 (16254 turns).

dtburroughs the Cleaver (Minotaur Berserker)       Turns: 16254, Time: 00:27:42

Health: -5/112     AC:  7    Str: 28    XL:     12   Next: 73%
Magic:  11/11      EV: 11    Int:  8    God:    Trog [***...]
Gold:   736        SH: 18    Dex: 11    Spells: 11/11 levels left

rFire    . . .     SeeInvis +   L - +5 flail "Killer Klown's Doom" {vamp, SInv}
rCold    . . .     Faith    .   F - +0 tower shield
rNeg     . . .     Spirit   .   k - +0 ring mail {rPois}
rPois    +         Reflect  +   (helmet restricted)
rElec    .         Harm     .   (no cloak)
rCorr    .         Rampage  .   (no gloves)
Will     .....                  (no boots)
Stlth    +.........             J - amulet of reflection
HPRegen  0.28/turn              l - +6 ring of strength
MPRegen  0.12/turn              (no ring)

@: no status effects
A: retaliatory headbutt, horns 2
a: Renounce Religion, Berserk, Trog's Hand


You were on level 4 of the Lair of Beasts.
You worshipped Trog.
Trog was most pleased with you.
You visited 2 branches of the dungeon, and saw 14 of its levels.

You collected 1066 gold pieces.
You spent 330 gold pieces at shops.

Inventory:

Hand Weapons
 a - a +0 hand axe
 d - a +3 broad axe
 p - a +0 whip
 C - a +1 antimagic battleaxe
 L - the +5 flail "Killer Klown's Doom" (weapon) {vamp, SInv}
   (You found it on level 9 of the Dungeon)

   It inflicts no extra harm, but heals its wielder when it wounds a living foe.
   It lets you see invisible.
 O - a cursed -3 war axe
 P - a +4 battleaxe
Armour
 k - a +0 ring mail of poison resistance (worn)
 x - the +2 scale mail "Qutel" {rElec Regen+ Slay+2}
   (You found it on level 5 of the Dungeon)

   It affects your accuracy and damage with ranged weapons and melee attacks
   (+2).
   It insulates you from electricity.
   It increases your rate of regeneration.
 F - a +0 tower shield (worn)
Jewellery
 l - a +6 ring of strength (left hand)
 m - an uncursed amulet of the acrobat
 J - an amulet of reflection (around neck)
 N - an uncursed ring of fire {unknown}
 Q - an uncursed ring of protection from fire {unknown}
 R - an uncursed ring of magical power {unknown}
 S - an uncursed ring of ice
Wands
 e - a wand of random effects (24)
 f - a wand of acid (23)
 w - a wand of polymorph (26)
 y - a wand of flame (30)
 H - a wand of iceblast (25)
 T - a wand of disintegration (15)
Scrolls
 b - 6 scrolls of teleportation
 g - 5 scrolls of immolation
 h - 3 scrolls of magic mapping
 j - 9 scrolls of remove curse
 n - 4 scrolls of fear {unknown}
 s - 2 scrolls of enchant armour {unknown}
 t - a scroll of summoning {unknown}
 v - 5 scrolls of fog
 A - a scroll of noise {unknown}
 D - a scroll of silence {unknown}
 E - 2 scrolls of identify
 G - a scroll of brand weapon {unknown}
Potions
 c - 2 potions of flight
 i - 2 potions of might
 o - 8 potions of curing
 q - a potion of attraction {unknown}
 r - a potion of mutation {unknown}
 u - 2 potions of brilliance {unknown}
 z - 3 potions of lignification
 B - a potion of degeneration {unknown}
 I - 2 potions of haste {unknown}
 K - 2 potions of resistance {unknown}
 M - 2 potions of invisibility {unknown}


   Skills:
 + Level 12.1 Fighting
 + Level 12.2 Axes
 + Level 11.9 Armour
 + Level 11.0 Dodging
 + Level 8.0 Evocations


You had 11 spell levels left.
You didn't know any spells.
Your spell library was empty.

Dungeon Overview and Level Annotations

Branches:
Dungeon (10/15)            Temple (0/1) D:4            Lair (4/6) D:8
 Shoals (0/4) Lair:3
  Snake: Lair:2-4    Spider: Lair:2-4       Orc: D:9-12

Altars:
Ashenzari
Dithmenos
Fedhas
Hepliaklqana
Makhleb
Nemelex Xobeh
Sif Muna
Trog
Yredelemnul
The Shining One

Shops:
D:5 [(   D:8 ![}=   D:9 *


Innate Abilities, Weirdness & Mutations

You reflexively headbutt those who attack you in melee.
You have a pair of horns on your head.


Message History

The six-headed hydra closely misses you.
The six-headed hydra bites you!
You block the six-headed hydra's attack.
You barely miss the six-headed hydra.
The six-headed hydra is lightly wounded.
The six-headed hydra bites you. The six-headed hydra bites you!
You block the six-headed hydra's attack. x2
The six-headed hydra bites you! x2; The six-headed hydra misses you.
The six-headed hydra bites you!
You block the six-headed hydra's attack.
The six-headed hydra bites you!
* * * LOW HITPOINT WARNING * * *
The six-headed hydra bites you.
* * * LOW HITPOINT WARNING * * *
The six-headed hydra bites you!
* * * LOW HITPOINT WARNING * * *
You feel better. The six-headed hydra bites you!
* * * LOW HITPOINT WARNING * * *
The six-headed hydra bites you!
You die...

# ## ###
###.#.###.##
...........#
...........##
.......D@...#
#
.......#...##
#
........>)##
#
...........#
.......
...#.......#
#.......#
...........#
#........
.........#
##.......#
.........#
#........#
........##
##.....>.##


You could see a six-headed hydra.

Vanquished Creatures
  Gastronok (Lair:1)
  Fannar (Lair:2)
  2 two-headed ogres
  Nergalle (Lair:2)
  7 elephants (Lair:2)
  A merfolk siren (Lair:3)
  4 cane toads
  Maggie (D:6)
  8 komodo dragons
  2 rime drakes
  3 polar bears (Lair:3)
  A hornet (D:7)
  3 merfolk (Lair:3)
  2 trolls
  4 blink frogs (Lair:1)
  Sigmund (D:5)
  A basilisk (Lair:2)
  20 yaks
  Grum (D:10)
  Menkaure (D:6)
  9 water moccasins
  A sky beast (D:7)
  3 orc warriors
  An ice beast (D:7)
  4 black bears
  2 phantoms (D:10)
  7 ogres
  11 wolves
  9 bullfrogs
  A wyvern skeleton (D:7)
  4 scorpions
  3 killer bees (D:9)
  4 wights (D:9)
  4 howler monkeys
  A bullfrog zombie (D:6)
  A crimson imp (D:10)
  2 centaur zombies
  5 hounds
  3 bullfrog skeletons
  10 orc priests
  A jelly (D:6)
  2 centaur skeletons
  9 iguanas
  9 orc wizards
  11 worker ants
  2 worker ant zombies
  8 adders
  2 shadow imps
  6 white imps
  An ufetubus (D:10)
  2 oozes
  An adder zombie (D:6)
  3 worms
  5 dart slugs
  5 leopard geckos
  38 orcs
  A giant cockroach (D:3)
  7 goblins
  6 hobgoblins
  8 jackals
  11 kobolds
  A quokka (D:10)
  2 ball pythons
  2 bats
  8 frilled lizards
  A giant cockroach zombie (D:5)
  A leopard gecko skeleton (D:4)
  A quokka skeleton (D:4)
  2 quokka zombies (D:5)
  8 rats
314 creatures vanquished.

Vanquished Creatures (collateral kills)
  A hydra (Lair:2)
  A polar bear (Lair:3)
2 creatures vanquished.

Vanquished Creatures (others)
  47 fungi
  45 plants
92 creatures vanquished.

Grand Total: 408 creatures vanquished

Notes
Turn   | Place    | Note
-------+----------+-------------------------------------------
     0 | D:1      | dtburroughs the Minotaur Berserker began the quest for the
                  | Orb.
     0 | D:1      | Reached XP level 1. HP: 19/19 MP: 0/0
     2 | D:1      | Noticed a gargoyle
     4 | D:1      | Noticed a felid
     4 | D:1      | Noticed a centaur
     6 | D:1      | Noticed a minotaur
     6 | D:1      | Noticed a formicid
     8 | D:1      | Noticed a draconian
     8 | D:1      | Noticed a troll
    10 | D:1      | Noticed a merfolk
    10 | D:1      | Noticed an ogre
    12 | D:1      | Noticed a human
    14 | D:1      | Noticed a tengu
    14 | D:1      | Noticed a dwarf
    16 | D:1      | Noticed a spriggan
    18 | D:1      | Noticed a vine stalker
    18 | D:1      | Noticed a demonspawn
    20 | D:1      | Noticed an elf
    22 | D:1      | Noticed a vampire
    22 | D:1      | Noticed a halfling
    24 | D:1      | Noticed an octopode
    24 | D:1      | Noticed a demigod
    26 | D:1      | Noticed a naga
    26 | D:1      | Noticed a ghoul
    70 | D:1      | Reached XP level 2. HP: 21/27 MP: 1/1
   595 | D:1      | Reached XP level 3. HP: 20/33 MP: 2/2
   988 | D:2      | Reached ** piety under Trog
  1186 | D:2      | Found a basalt altar of Yredelemnul.
  1310 | D:2      | Reached XP level 4. HP: 25/40 MP: 3/3
  1518 | D:2      | Found a blossoming altar of Fedhas.
  2020 | D:3      | Noticed a bullfrog
  2025 | D:3      | Killed a bullfrog
  2026 | D:3      | Reached XP level 5. HP: 40/47 MP: 4/4
  2223 | D:3      | Reached skill level 5 in Axes
  2413 | D:3      | Reached skill level 5 in Fighting
  2420 | D:3      | Reached XP level 6. HP: 31/56 MP: 5/5
  2613 | D:3      | Found a broken altar of Ashenzari.
  2613 | D:3      | You fall into a shaft and drop 2 floors!
  2613 | D:5      | Entered Level 5 of the Dungeon
  2881 | D:5      | Noticed Sigmund
  2901 | D:5      | Killed Sigmund
  2902 | D:5      | Reached skill level 5 in Armour
  2902 | D:5      | Reached XP level 7. HP: 47/62 MP: 6/6
  3502 | D:3      | Found a faded altar of an unknown god.
  3689 | D:4      | Found a staircase to the Ecumenical Temple.
  3725 | D:4      | Reached skill level 5 in Dodging
  3754 | D:4      | Reached *** piety under Trog
  4196 | D:4      | Reached XP level 8. HP: 69/71 MP: 7/7
  4376 | D:4      | Found a glowing golden altar of the Shining One.
  4379 | D:4      | Found a shadowy altar of Dithmenos.
  4387 | D:4      | Found a bloodstained altar of Trog.
  4391 | D:4      | Found a sparkling altar of Nemelex Xobeh.
  4613 | D:5      | Found Ixen's Hydra Hut.
  4616 | D:5      | Noticed a seven-headed hydra
  4665 | D:5      | Got an ancient scale mail
  4816 | D:5      | Found Letisur's Antique Armour Emporium.
  4842 | D:5      | Found a blossoming altar of Fedhas.
  5068 | D:5      | Found a shimmering blue altar of Sif Muna.
  5128 | D:6      | Reached skill level 1 in Evocations
  5242 | D:6      | Noticed Menkaure
  5249 | D:6      | Killed Menkaure
  5437 | D:6      | Identified the +2 scale mail "Qutel" {rElec Regen+ Slay+2}
                  | (You found it on level 5 of the Dungeon)
  5589 | D:6      | Noticed Maggie
  5599 | D:6      | Killed Maggie
  5600 | D:6      | Reached XP level 9. HP: 65/80 MP: 8/8
  5652 | D:6      | Reached **** piety under Trog
  6251 | D:6      | Found a burning altar of Makhleb.
  6875 | D:8      | Found Ihuaf's Armour Boutique.
  6897 | D:8      | Found Keahyczo's Gadget Shop.
  6930 | D:8      | Found Wasmuyl's Jewellery Shop.
  6936 | D:8      | Bought an uncursed amulet of reflection for 330 gold pieces
  7030 | D:8      | Noticed a komodo dragon
  7040 | D:8      | Killed a komodo dragon
  7063 | D:8      | Reached XP level 10. HP: 68/90 MP: 9/9
  7139 | D:8      | Found a staircase to the Lair.
  7335 | D:8      | Found Nudixide's Distillery.
  7678 | D:9      | Got a translucent flail
  7718 | D:9      | Found Jarez's Assorted Antiques.
  7828 | D:9      | Noticed a two-headed ogre
  7836 | D:9      | Killed a two-headed ogre
  7994 | D:9      | Identified the +5 flail "Killer Klown's Doom" {vamp, SInv}
                  | (You found it on level 9 of the Dungeon)
  8148 | D:9      | Reached skill level 5 in Evocations
  8227 | D:9      | Found a hazy altar of Hepliaklqana.
  8535 | D:10     | Entered Level 10 of the Dungeon
  8608 | D:10     | Noticed a two-headed ogre
  8616 | D:10     | Killed a two-headed ogre
  8967 | D:10     | Reached skill level 10 in Axes
  9177 | D:10     | Noticed Grum
  9184 | D:10     | Reached skill level 10 in Fighting
  9184 | D:10     | Killed Grum
  9875 | D:10     | Reached XP level 11. HP: 95/99 MP: 10/10
  9900 | D:10     | Reached ***** piety under Trog
 10236 | Lair:1   | Entered Level 1 of the Lair of Beasts
 10459 | Lair:1   | Reached skill level 10 in Armour
 10944 | Lair:1   | Noticed Gastronok
 10964 | Lair:1   | Killed Gastronok
 12185 | Lair:2   | Reached skill level 10 in Dodging
 12601 | Lair:2   | Reached XP level 12. HP: 96/110 MP: 11/11
 13142 | Lair:2   | Noticed Fannar
 13153 | Lair:2   | Killed Fannar
 13280 | Lair:2   | Noticed Nergalle
 13288 | Lair:2   | Killed Nergalle
 13359 | Lair:2   | HP: 2/111 [komodo dragon (27)]
 13596 | Lair:2   | Noticed an eight-headed hydra
 13610 | Lair:2   | Killed an eight-headed hydra
 14938 | Lair:3   | Found a staircase to the Shoals.
 16244 | Lair:4   | Noticed a six-headed hydra
 16254 | Lair:4   | Slain by a six-headed hydra

Illustrated notes

Levels and vault maps discovered:
D:1:      kb_arrival_jail, layout_rooms, chequers_serial_rivers_micro_e
D:2:      layout_rooms, fedhas_altar_fruit_tree, overflow_temple_1_default,
          moated_statue
D:3:      cheibrodos_helix_gallery, layout_rooms, ashenzari_altar_1,
          chequers_ecumenical_altar_island, st_stairs_5
D:4:      layout_gridville, minitemple, minmay_temple_entry_water_ring
D:5:      layout_rooms, led_sif_book, serial_shops,
          nicolae_shop_overgrown_old_shop, basic_altar, doesnt_shop_hydraphobe,
          uniq_sigmund
D:6:      layout_gridville, kennysheep_mini, uniq_menkaure, uniq_maggie
D:7:      layout_gridville
D:8:      layout_loops_cross, due_lair_maze_entry_diamond, serial_shops,
          nicolae_shop_statue_plus, shop, shop, shop
D:9:      layout_long_grid, kennysheep_mini_moat, serial_shops, shop
D:10:     layout_loops_ring, minmay_fire_ice_demons, uniq_grum
Lair:1:   layout_chaotic_city, serial_bayou_pond_d, st_stairs_5,
          grunt_megastairs_2, uniq_gastronok
Lair:2:   beast_lair_carwin_large_3, layout_cave_pods, uniq_nergalle,
          uniq_fannar
Lair:3:   layout_layer_cave, elwin_shoals_entry_stream,
          cheibrodos_lair_lostbears
Lair:4:   nzn_motion_control, layout_hall_layers,
          nicolae_spider_entry_orb_guardian, zaba_antful_of_joy,
          minmay_lair_oklob_chamber

Skill      XL: |  1  2  3  4  5  6  7  8  9 10 11 12 |
---------------+-------------------------------------+-----
Axes           | 4 5 6 7 9 10 11 12 | 12.2
Armour         | 3 4 5 6 7 8 9 11 | 11.9
Fighting       | 4 5 6 7 8 10 11 12 | 12.1
Dodging        | 3 4 5 6 7 9 10 11 | 11.0
Evocations     | 2 4 5 7 8 |  8.0

Action                   |  1- 3 |  4- 6 |  7- 9 | 10-12 || total
-------------------------+-------+-------+-------+-------++-------
Melee: Hand axe          |    67 |   105 |    73 |       ||   245
       Headbutt          |     6 |    14 |    43 |   122 ||   185
       Broad axe         |       |       |   134 |   466 ||   600
       Flail             |       |       |       |     6 ||     6
Invok: Trog's Hand       |       |     4 |     6 |    11 ||    21
       Berserk           |       |     1 |       |       ||     1
       Brothers in Arms  |       |       |       |     2 ||     2
Evoke: Wand              |       |       |     6 |     6 ||    12
  Use: Scroll            |       |       |    10 |     4 ||    14
       Potion            |       |       |       |     3 ||     3
Armor: Animal skin       |    10 |     9 |     4 |       ||    23
       Ring mail         |       |       |    20 |    92 ||   112
       Scale mail        |       |       |    24 |    18 ||    42
Dodge: Dodged            |    54 |    74 |   153 |   157 ||   438
Block: Tower shield      |       |       |    30 |   521 ||   551
       Reflection        |       |       |       |     9 ||     9
